 Dungeon Sprint DCSS version 0.23.0-3-gf3c87f2 (webtiles) character file.

Game seed: 7873250778659828415

459241 nuthulu the Conqueror (level 18, 186/200 HPs)
             Began as a Minotaur Fighter on Feb 20, 2019.
             Was the Champion of Yredelemnul.
             Escaped with the Orb!
             The game lasted 00:31:47 (2076 turns).

nuthulu the Conqueror (Minotaur Fighter)            Turns: 2076, Time: 00:31:47

Health: 186/200    AC: 50    Str: 44    XL:     18   Next: 41%
Magic:  12/29      EV: 22    Int:  7    God:    Yredelemnul [******]
Gold:   0          SH: 43    Dex: 16    Spells: 17/17 levels left

rFire    + + +     SeeInvis +   F - +14 obsidian axe {chop, +Fly SInv *Curse} (curse)
rCold    + + .     Gourm    .   H - +18 shield of the Gong {rElec rN+ MR+ EV-5}
rNeg     + + .     Faith    .   c - +16 crystal plate armour of Zotaipho {rPois MR+ Dex+4 Slay+2}
rPois    +         Spirit   .   U - -2 hat of the Alchemist {rElec rPois rF+ rC+ rN+ MR+ rMut rCorr}
rElec    +         Reflect  +   (no cloak)
rCorr    +         Harm     .   L - +3 pair of gauntlets of War {Slay+5}
rMut     +         NoTele   +   (no boots)
MR       ++++.                  N - amulet "Ybbaby" {Reflect rF++ Int+2 SH+4}
Stlth    ..........             D - +6 ring of strength
HPRegen  0.43/turn              E - +6 ring of strength
MPRegen  0.21/turn

@: mighty, resistant, wreathed by umbra, studying 3 skills
A: retaliatory headbutt, horns 2
0: Orb of Zot
a: Recall Undead Slaves, Injury Mirror, Animate Dead, Drain Life, Enslave Soul,
Renounce Religion, Evoke Flight


You escaped.
You worshipped Yredelemnul.
Yredelemnul was exalted by your worship.
You were not hungry.

You visited 1 branch

Inventory:

Hand Weapons
 F - the cursed +14 obsidian axe (weapon) {chop, +Fly SInv *Curse}
   (You found it in the Dungeon)

   It inflicts extra damage upon your enemies.
   It lets you see invisible.
   It lets you fly.
   It curses itself when equipped.
   It has a curse placed upon it.
Armour
 c - the +16 crystal plate armour of Zotaipho (worn) {rPois MR+ Dex+4 Slay+2}
   (You found it in the Dungeon)

   It affects your dexterity (+4).
   It affects your accuracy and damage with ranged weapons and melee attacks
   (+2).
   It protects you from poison.
   It affects your resistance to hostile enchantments.
 H - the +18 shield of the Gong (worn) {rElec rN+ MR+ EV-5}
   (You found it in the Dungeon)

   It affects your evasion (-5).
   It insulates you from electricity.
   It protects you from negative energy.
   It affects your resistance to hostile enchantments.
 I - a +1 pair of gloves of dexterity
 L - the +3 pair of gauntlets of War (worn) {Slay+5}
   (You found it in the Dungeon)

   It affects your accuracy and damage with ranged weapons and melee attacks
   (+5).
 U - the -2 hat of the Alchemist (worn) {rElec rPois rF+ rC+ rN+ MR+ rMut rCorr}
   (You found it in the Dungeon)

   It protects you from fire.
   It protects you from cold.
   It insulates you from electricity.
   It protects you from poison.
   It protects you from negative energy.
   It affects your resistance to hostile enchantments.
   It provides partial protection from all sources of acid and corrosion.
   It protects you from mutation.
Jewellery
 m - the ring of the Omega Point {+Blink rC+ Dex+3 Stlth-}
   (You took it off a purple draconian in the Dungeon)

   [ring of attention]

   It affects your dexterity (+3).
   It protects you from cold.
   It lets you blink.
   It makes you less stealthy.
 o - the ring "Xamib" {Wiz Int+4}
   (You found it in the Dungeon)

   [ring of wizardry]

   It improves your spell success rate.
   It affects your intelligence (+4).
 z - a +6 ring of dexterity
 A - a +6 ring of dexterity
 B - a +6 ring of intelligence
 C - a +6 ring of intelligence
 D - a +6 ring of strength (left hand)
 E - a +6 ring of strength (right hand)
 J - the amulet "Xosm" {Inacc Str+4}
   (You found it in the Dungeon)

   [amulet of inaccuracy]

   It reduces the accuracy of all your attacks.
   It affects your strength (+4).
 K - an uncursed ring of positive energy
 M - the ring "Qoim" {rC+ MR+}
   (You found it in the Dungeon)

   [ring of protection from cold]

   It protects you from cold.
   It affects your resistance to hostile enchantments.
 N - the amulet "Ybbaby" (around neck) {Reflect rF++ Int+2 SH+4}
   (You found it in the Dungeon)

   [amulet of reflection]

   It shields you and reflects attacks.
   It affects your intelligence (+2).
   It greatly protects you from fire.
   It affects your SH (+4).
 Q - the ring "Icwur" {rPois rF+ Str+3 Int+3 SInv}
   (You found it in the Dungeon)

   [ring of protection from fire]

   It affects your strength (+3).
   It affects your intelligence (+3).
   It protects you from fire.
   It protects you from poison.
   It lets you see invisible.
 R - an uncursed ring of stealth
 S - an uncursed ring of fire
Wands
 w - a wand of disintegration (7)
 x - a wand of iceblast (7)
 y - a wand of acid (7)
Scrolls
 a - 4 scrolls of enchant armour
 b - 4 scrolls of brand weapon
 k - 4 scrolls of blinking
 q - 4 scrolls of amnesia
 r - 7 scrolls of fog
 s - a scroll of holy word
 t - 5 scrolls of identify
 u - 5 scrolls of remove curse
 v - 2 scrolls of fear
Potions
 d - 5 potions of might
 e - 6 potions of curing
 g - 4 potions of heal wounds
 h - 4 potions of haste
 i - 7 potions of magic
 j - 2 potions of berserk rage
 l - 2 potions of brilliance
 n - 2 potions of resistance
 p - 6 potions of agility
Books
 G - a manual of Air Magic
 O - a manual of Charms
 P - a manual of Long Blades
 T - a manual of Long Blades
Comestibles
 f - 4 rations


   Skills:
 O Level 27 Fighting
 + Level 26.9 Axes
 - Level 2.4 Throwing
 O Level 27 Armour
 O Level 27 Dodging
 O Level 27 Shields
 + Level 24.5 Unarmed Combat
 * Level 16.0 Invocations


You had 17 spell levels left.
You didn't know any spells.
Your spell library was empty.

Dungeon Overview and Level Annotations

Branches:
Dungeon (1/1)

Altars:
Ashenzari
Cheibriados
Dithmenos
Elyvilon
Fedhas
Gozag
Hepliaklqana
Kikubaaqudgha
Makhleb
Nemelex Xobeh
Okawaru
Qazlal
Ru
Sif Muna
Trog
Uskayaw
Vehumet
Wu Jian
Xom
Yredelemnul
Zin
The Shining One
Beogh
Jiyva
Lugonu


Innate Abilities, Weirdness & Mutations

You reflexively headbutt those who attack you in melee.
You have a pair of horns on your head.


Message History

There is a transporter here.
An exit appears before you!
You enter the transporter and appear at another place.
Found the Orb of Zot.
Found a staircase leading out of the dungeon.
You swap places.
You swap places.
You swap places.
You see here the Orb of Zot.
You swap places.
There is a staircase leading out of the dungeon here.
You swap places.
You see here the Orb of Zot.
You pick up the Orb of Zot!
The Orb lets out a hideous shriek!
The lords of Pandemonium are not amused.
Beware!
Now all you have to do is get back out of the dungeon!
You swap places.
You swap places.
There is a staircase leading out of the dungeon here.
You have escaped!

..WWz3......▓..▓.......▓..▓...8©8
..Z.V.......▓.▓▓▓.....▓▓▓.▓..::.)
..ZZz.......▓..▓.......▓..▓..=|::
...)|.).....▓.............▓......
...Z...)....▓......©......▓....Z)
....z)......▓▓▓▓▓▓▓▓▓▓▓▓▓▓▓...)..
▓..ZZ)..▓...▓8888888888888▓..[...
▓▓.)...▓▓▓..▓8....ZznZZZ.8▓....).
▓.......▓...▓8..@An3ZWZZ.8▓.▓....
....)...)...▓8....VVZZ4..8▓....©.
....©.......▓8888888888888▓▓▓▓▓▓▓
▓▓▓▓▓▓▓▓▓▓▓▓▓▓▓▓▓▓▓▓▓▓▓▓▓▓▓▓▓▓▓▓▓
.....8©8........▓ .......8©8.....
.}[|:"=)|z|}||[.▓


|:)::=})|)|V:): |=||))}}|Z[))|).▓ }})")=:|.:[V["| [|}".|zz4W)=)):.▓
=.:|}=|.WnWn=): ...†ZVVV†.......▓.......nnW3}.... You could see a friendly
profane servitor, 2 friendly ghouls, a friendly vampire knight, a friendly
skeletal warrior, a friendly phantasmal warrior, a friendly smoke demon, a
friendly vampire (invisible), a friendly red devil, a friendly storm dragon
zombie, a friendly moth of wrath zombie, a friendly black draconian zombie, a
friendly yellow draconian zombie, a friendly green draconian zombie, 2 friendly
purple draconian zombies, a friendly white draconian zombie and a friendly
draconian stormcaller zombie.

Vanquished Creatures
  An ancient lich (D)
  2 shard shrikes (shapeshifter) (D)
  A caustic shrike (shapeshifter) (D)
  A golden dragon (D)
  2 iron giants (shapeshifter) (D)
  5 tentacled monstrosities (D)
  13 Orb Guardians (D)
  A titan (shapeshifter) (D)
  A lich (D)
  A shadow dragon (D)
  A draconian monk (D)
  An azure jelly (D)
  3 storm dragons (D)
  A fire giant (shapeshifter) (D)
  2 iron dragons (shapeshifter) (D)
  3 ghost moths (D)
  A draconian scorcher (D)
  An emperor scorpion (D)
  2 ghouls (D)
  A draconian shifter (D)
  A draconian annihilator (D)
  2 very ugly things (D)
  2 vampire knights (D)
  4 black draconians (D)
  A stone giant (shapeshifter) (D)
  5 green draconians (D)
  6 purple draconians (D)
  A dire elephant (shapeshifter) (D)
  6 white draconians (D)
  4 red draconians (D)
  6 yellow draconians (D)
  A spark wasp (D)
  5 death oozes (D)
  A fire dragon (shapeshifter) (D)
  A great orb of eyes (D)
  4 vault guards (D)
  An anaconda (D)
  4 two-headed ogres (D)
  A queen ant (shapeshifter) (D)
  A vampire mage (D)
  A shock serpent (shapeshifter) (D)
  A thrashing horror (D)
  2 soul eaters (D)
  A deep elf knight (D)
  A fire crab (shapeshifter) (D)
  A skeletal warrior (D)
  An iron troll (shapeshifter) (D)
  2 deep trolls (shapeshifter) (D)
  A glowing orange brain (D)
  A sea snake (shapeshifter) (D)
  A harpy (shapeshifter) (D)
  2 necromancers (D)
  A lindwurm (shapeshifter) (D)
  A cyclops (shapeshifter) (D)
  A worldbinder (D)
  A cyclops (D)
  A wolf spider (D)
  2 shining eyes (D)
  2 large abominations (D)
  A salamander (shapeshifter) (D)
  A manticore (shapeshifter) (D)
  A rust devil (D)
  6 draconians (D)
  A black mamba (D)
  7 moths of wrath (D)
  A guardian serpent (shapeshifter) (D)
  2 water nymphs (shapeshifter) (D)
  An eye of devastation (D)
  An orange demon (D)
  A torpor snail (shapeshifter) (D)
  A spiny frog (shapeshifter) (D)
  A tormentor (D)
  A demonic crawler (D)
  A red devil (D)
  A meliai (shapeshifter) (D)
  A merfolk (shapeshifter) (D)
  A jumping spider (D)
  A polar bear (shapeshifter) (D)
  A troll (D)
  3 hornets (D)
  4 slime creatures (D)
  A snapping turtle (shapeshifter) (D)
  2 vampires (D)
  3 tarantellas (D)
  3 redbacks (D)
  A spriggan (shapeshifter) (D)
  2 tarantellas (shapeshifter) (D)
  A shadow (D)
  A basilisk (shapeshifter) (D)
  A yak (shapeshifter) (D)
  A golden eye (shapeshifter) (D)
  A golden eye (D)
  A hog (shapeshifter) (D)
  A naga (shapeshifter) (D)
  A naga (D)
  A small abomination (D)
  2 water moccasins (D)
  A floating eye (shapeshifter) (D)
  A hell hound (D)
  3 orc warriors (D)
  5 ogres (D)
  An eye of draining (D)
  A black bear (shapeshifter) (D)
  A phantom (D)
  A necrophage (D)
  A big kobold (shapeshifter) (D)
  2 wights (D)
  A crimson imp (D)
  An orc priest (D)
  3 jellies (D)
  4 orc wizards (D)
  An adder (D)
  A shadow imp (D)
  3 oozes (D)
  4 adder skeletons (D)
  An orc (D)
  A bat skeleton (D)
  A bat zombie (D)
  A giant cockroach zombie (D)
  A leopard gecko skeleton (D)
227 creatures vanquished.

Vanquished Creatures (collateral kills)
  A juggernaut (shapeshifter) (D)
  2 shard shrikes (shapeshifter) (D)
  3 caustic shrikes (shapeshifter) (D)
  A bone dragon (D)
  An iron giant (shapeshifter) (D)
  A lich (D)
  3 Orb Guardians (D)
  4 titans (shapeshifter) (D)
  4 acid blobs (D)
  2 acid blobs (shapeshifter) (D)
  3 tentacled starspawn (D)
  A death cob (D)
  An azure jelly (D)
  A nagaraja (D)
  A draconian knight (D)
  5 ghost moths (D)
  A frost giant (shapeshifter) (D)
  A cacodemon (D)
  2 iron dragons (shapeshifter) (D)
  2 draconian scorchers (D)
  A draconian stormcaller (D)
  5 vampire knights (D)
  4 stone giants (D)
  4 green draconians (D)
  6 black draconians (D)
  2 purple draconians (D)
  A yellow draconian (D)
  A dire elephant (shapeshifter) (D)
  A red draconian (D)
  2 white draconians (D)
  A minotaur (shapeshifter) (D)
  3 spark wasps (shapeshifter) (D)
  An ettin (shapeshifter) (D)
  A death ooze (D)
  A great orb of eyes (shapeshifter) (D)
  3 naga warriors (D)
  A vault guard (D)
  2 two-headed ogres (D)
  An alligator snapping turtle (shapeshifter) (D)
  An alligator (shapeshifter) (D)
  A two-headed ogre (shapeshifter) (D)
  2 death yaks (shapeshifter) (D)
  2 satyrs (shapeshifter) (D)
  A vampire mage (D)
  A thrashing horror (D)
  A shock serpent (shapeshifter) (D)
  A soul eater (D)
  6 wretched stars (D)
  2 fire crabs (shapeshifter) (D)
  5 skeletal warriors (D)
  A glowing orange brain (D)
  2 death drakes (shapeshifter) (D)
  A swamp dragon (shapeshifter) (D)
  2 orb spiders (D)
  3 necromancers (D)
  A lindwurm (shapeshifter) (D)
  A wolf spider (D)
  2 mana vipers (shapeshifter) (D)
  5 moths of wrath (D)
  3 shining eyes (D)
  A wolf spider (shapeshifter) (D)
  6 draconians (D)
  2 cyclopes (D)
  2 cyclopes (shapeshifter) (D)
  A salamander (shapeshifter) (D)
  A shining eye (shapeshifter) (D)
  A faun (shapeshifter) (D)
  An elephant (shapeshifter) (D)
  A guardian serpent (D)
  2 moths of wrath (shapeshifter) (D)
  A manticore (shapeshifter) (D)
  An orange demon (D)
  A rust devil (D)
  An eye of devastation (D)
  2 naga magi (D)
  An apocalypse crab (D)
  A torpor snail (D)
  A smoke demon (D)
  An eye of devastation (shapeshifter) (D)
  2 spiny frogs (shapeshifter) (D)
  2 torpor snails (shapeshifter) (D)
  A rime drake (shapeshifter) (D)
  An ice devil (D)
  2 demonic crawlers (D)
  A yaktaur (shapeshifter) (D)
  An ancient zyme (D)
  A troll (D)
  3 merfolk (shapeshifter) (D)
  2 trolls (shapeshifter) (D)
  A hornet (D)
  4 jumping spiders (D)
  5 slime creatures (D)
  A tyrant leech (shapeshifter) (D)
  2 wind drakes (shapeshifter) (D)
  A polar bear (shapeshifter) (D)
  A hippogriff (shapeshifter) (D)
  A raiju (D)
  A dream sheep (shapeshifter) (D)
  6 large abominations (D)
  A snapping turtle (shapeshifter) (D)
  5 redbacks (shapeshifter) (D)
  A flying skull (D)
  7 shadows (D)
  A redback (D)
  A tarantella (shapeshifter) (D)
  4 vampires (D)
  2 yaks (shapeshifter) (D)
  A tarantella (D)
  A wraith (D)
  3 hogs (shapeshifter) (D)
  A golden eye (D)
  2 neqoxecs (D)
  2 swamp worms (shapeshifter) (D)
  2 nagas (D)
  A soldier ant (shapeshifter) (D)
  A water moccasin (shapeshifter) (D)
  A hell hound (D)
  3 small abominations (D)
  7 floating eyes (shapeshifter) (D)
  An ice beast (D)
  An eye of draining (shapeshifter) (D)
  A necrophage (D)
  2 orc warriors (D)
  3 phantoms (D)
  2 ogres (D)
  A crocodile (shapeshifter) (D)
  A scorpion (shapeshifter) (D)
  6 wights (D)
  A howler monkey (shapeshifter) (D)
  2 quasits (D)
  11 starcursed masses (D)
  A jelly (D)
  2 iron imps (D)
  A shadow imp (D)
  A white imp (D)
  An ufetubus (D)
  An ooze (shapeshifter) (D)
  3 oozes (D)
  A spectral adder (D)
  An adder zombie (D)
  4 adder skeletons (D)
  3 orcs (D)
  4 bat skeletons (D)
  A bat zombie (D)
  2 ball pythons (D)
  A ball python zombie (D)
  A jackal skeleton (D)
  A leopard gecko skeleton (D)
  A leopard gecko zombie (D)
  A quokka skeleton (D)
  A spectral jackal (D)
  4 starspawn tentacles (D)
307 creatures vanquished.

Vanquished Creatures (others)
  2 profane servitors (D)
  A bone dragon (D)
  10 ghouls (D)
  11 vampire knights (D)
  A spectral Orb Guardian (D)
  9 skeletal warriors (D)
  17 flayed ghosts (D)
  12 phantasmal warriors (D)
  An orb spider (shapeshifter) (D)
  A draconian zombie (D)
  A mana viper (shapeshifter) (D)
  2 ghoul skeletons (D)
  7 flying skulls (D)
  A wraith (D)
  13 vampires (D)
  A naga (D)
  A wight (D)
  An ogre zombie (D)
  A mummy (D)
  2 fire vortices (D)
  5 starspawn tentacles (D)
100 creatures vanquished.

Grand Total: 634 creatures vanquished

Notes
Turn   | Place    | Note
-------+----------+-------------------------------------------
     0 | D        | Found the +6 Majin-Bo {vamp, Archmagi MP+6 Int+6}
     0 | D        | Found the +7 great mace "Firestarter" {inner flame, rF++}
     0 | D        | nuthulu the Minotaur Fighter began the quest for the Orb.
     0 | D        | Reached XP level 1. HP: 19/19 MP: 0/0
     0 | D        | Found a deep blue altar of Sif Muna.
     0 | D        | Found a sacrificial altar of Ru.
     0 | D        | Found a bloodstained altar of Trog.
     0 | D        | Found a stormy altar of Qazlal.
     0 | D        | Found an iron altar of Okawaru.
     0 | D        | Found a sparkling altar of Nemelex Xobeh.
     0 | D        | Found a blossoming altar of Fedhas.
     2 | D        | Found a transporter.
     2 | D        | Found an ancient bone altar of Kikubaaqudgha.
     2 | D        | Found a viscous altar of Jiyva.
     2 | D        | Found a corrupted altar of Lugonu.
     2 | D        | Found a hazy altar of Hepliaklqana.
     2 | D        | Found a burning altar of Makhleb.
     2 | D        | Found an opulent altar of Gozag.
    23 | D        | Found the +9 heavy crossbow "Sniper" {velocity, Acc+∞ SInv}
    23 | D        | Found the +10 dark maul {crush}
    23 | D        | Found the +15 Maxwell's patent armour {-Cast -Tele rElec
                  | MR+ rCorr}
    23 | D        | Found the +18 shield of the Gong {rElec rN+ MR+ EV-5}
    23 | D        | Found the cursed +14 obsidian axe {chop, +Fly SInv *Curse}
    51 | D        | Reached XP level 2. HP: 28/28 MP: 1/1
    60 | D        | Became a worshipper of Yredelemnul the Dark
    73 | D        | Entered arena 2.
    73 | D        | Noticed a crimson imp
    73 | D        | Found a transporter.
    75 | D        | Reached skill level 5 in Fighting
    75 | D        | Reached skill level 5 in Armour
    79 | D        | Killed a crimson imp
    79 | D        | Reached * piety under Yredelemnul
    79 | D        | Reached skill level 5 in Axes
    79 | D        | Reached XP level 3. HP: 37/37 MP: 2/2
    82 | D        | Entered arena 3.
    82 | D        | Found a transporter.
    87 | D        | Reached ** piety under Yredelemnul
    94 | D        | Entered arena 4.
    94 | D        | Noticed a draconian
    94 | D        | Noticed a draconian
    94 | D        | Noticed a draconian
    94 | D        | Noticed a green draconian
    94 | D        | Found a transporter.
   103 | D        | Killed a draconian
   103 | D        | Reached XP level 4. HP: 50/50 MP: 3/3
   103 | D        | Reached XP level 5. HP: 57/57 MP: 4/4
   103 | D        | Reached XP level 6. HP: 63/63 MP: 5/5
   104 | D        | Killed a draconian
   104 | D        | Reached skill level 10 in Fighting
   104 | D        | Reached skill level 10 in Armour
   104 | D        | Reached skill level 10 in Shields
   104 | D        | Reached XP level 7. HP: 72/72 MP: 6/6
   105 | D        | Killed a green draconian
   105 | D        | Reached XP level 8. HP: 83/83 MP: 7/7
   105 | D        | Killed a draconian
   105 | D        | Reached *** piety under Yredelemnul
   105 | D        | Reached XP level 9. HP: 90/90 MP: 8/8
   164 | D        | Entered arena 5.
   164 | D        | Noticed a draconian
   164 | D        | Noticed a draconian
   164 | D        | Noticed a draconian
   164 | D        | Noticed a draconian
   164 | D        | Found a transporter.
   167 | D        | Killed a draconian
   168 | D        | Killed a draconian
   172 | D        | Killed a draconian
   172 | D        | Received a gift from Yredelemnul (a mummy)
   172 | D        | Killed a draconian
   181 | D        | Got the +16 crystal plate armour of Zotaipho {rPois MR+
                  | Dex+4 Slay+2}
   196 | D        | Entered arena 6.
   196 | D        | Found a transporter.
   199 | D        | Reached **** piety under Yredelemnul
   200 | D        | Received a gift from Yredelemnul (a wight)
   202 | D        | Reached ***** piety under Yredelemnul
   207 | D        | Entered arena 7.
   208 | D        | Identified the +9 hunting sling of Analysis {freeze, Str+4
                  | Int+2 Stlth+}
   208 | D        | Found a transporter.
   211 | D        | Received a gift from Yredelemnul (3 flying skulls)
   214 | D        | Received a gift from Yredelemnul (a mummy)
   223 | D        | Entered arena 8.
   223 | D        | Noticed a vault guard
   223 | D        | Noticed a deep elf knight
   223 | D        | Noticed a vault guard
   223 | D        | Noticed a vault guard
   223 | D        | Noticed a vault guard
   223 | D        | Noticed a vault guard
   224 | D        | Found a transporter.
   229 | D        | Killed a vault guard
   229 | D        | Reached XP level 10. HP: 101/101 MP: 7/11
   229 | D        | Killed a vault guard
   229 | D        | Reached skill level 5 in Invocations
   229 | D        | Received a gift from Yredelemnul (a wraith)
   229 | D        | Received a gift from Yredelemnul (a vampire)
   229 | D        | Received a gift from Yredelemnul (a vampire)
   231 | D        | Killed a deep elf knight
   233 | D        | Killed a vault guard
   233 | D        | Killed a vault guard
   239 | D        | Killed a vault guard
   239 | D        | Received a gift from Yredelemnul (5 flying skulls)
   247 | D        | Entered arena 9.
   248 | D        | Found a transporter.
   248 | D        | Reached ****** piety under Yredelemnul
   249 | D        | Received a gift from Yredelemnul (a vampire)
   249 | D        | Received a gift from Yredelemnul (a wraith)
   251 | D        | Received a gift from Yredelemnul (a skeletal warrior)
   259 | D        | Entered arena 10.
   260 | D        | Identified the +8 fustibalus of Gaijemou {flame, *Corrode
                  | rElec rN++}
   260 | D        | Found a transporter.
   264 | D        | Received a gift from Yredelemnul (a vampire)
   264 | D        | Received a gift from Yredelemnul (a skeletal warrior)
   272 | D        | Got the ring "Xamib" {Wiz Int+4}
   274 | D        | Entered arena 11.
   274 | D        | Noticed a black draconian
   274 | D        | Noticed a yellow draconian
   274 | D        | Noticed a draconian
   274 | D        | Noticed a red draconian
   274 | D        | Noticed a draconian
   274 | D        | Noticed a draconian
   274 | D        | Noticed a black draconian
   274 | D        | Noticed a draconian
   274 | D        | Noticed a draconian
   275 | D        | Found a transporter.
   281 | D        | Killed a draconian
   281 | D        | Killed a black draconian
   281 | D        | Reached skill level 15 in Shields
   281 | D        | Reached XP level 11. HP: 82/111 MP: 8/16
   282 | D        | Received a gift from Yredelemnul (a wraith)
   282 | D        | Received a gift from Yredelemnul (a flayed ghost)
   282 | D        | Received a gift from Yredelemnul (a phantasmal warrior)
   283 | D        | Killed a yellow draconian
   283 | D        | Reached skill level 15 in Fighting
   283 | D        | Reached skill level 15 in Armour
   284 | D        | Reached skill level 15 in Axes
   288 | D        | Received a gift from Yredelemnul (a bone dragon)
   289 | D        | Killed a black draconian
   290 | D        | Received a gift from Yredelemnul (a vampire)
   292 | D        | Killed a red draconian
   412 | D        | Entered arena 12.
   412 | D        | Noticed a soul eater
   412 | D        | Noticed a soul eater
   412 | D        | Noticed a shadow dragon
   413 | D        | Noticed a soul eater
   414 | D        | Found the +8 demon blade "Leech" {vamp, rN+ AC-3 EV-3}
   414 | D        | Found a transporter.
   416 | D        | Received a gift from Yredelemnul (a skeletal warrior)
   421 | D        | Killed a soul eater
   421 | D        | Killed a soul eater
   422 | D        | Received a gift from Yredelemnul (a vampire knight)
   423 | D        | Killed a shadow dragon
   425 | D        | Received a gift from Yredelemnul (a ghoul)
   425 | D        | Killed a soul eater
   527 | D        | Entered arena 13.
   527 | D        | Noticed a vampire mage
   527 | D        | Noticed a vampire knight
   527 | D        | Noticed a lich
   527 | D        | Noticed a necromancer
   528 | D        | Noticed a necromancer
   531 | D        | Killed a vampire knight
   534 | D        | Found a transporter.
   535 | D        | Killed a necromancer
   536 | D        | Killed a necromancer
   536 | D        | Received a gift from Yredelemnul (a vampire knight)
   538 | D        | Received a gift from Yredelemnul (a flayed ghost)
   538 | D        | Killed a lich
   538 | D        | Reached XP level 12. HP: 92/125 MP: 17/17
   540 | D        | Killed a vampire mage
   649 | D        | Entered arena 14.
   649 | D        | Identified the ring of Defuc {Wiz rElec rN+ Str+3}
   652 | D        | Found a transporter.
   654 | D        | Received a gift from Yredelemnul (a profane servitor)
   656 | D        | Received a gift from Yredelemnul (a ghoul)
   656 | D        | Received a gift from Yredelemnul (a ghoul)
   658 | D        | Received a gift from Yredelemnul (a profane servitor)
   659 | D        | Received a gift from Yredelemnul (a skeletal warrior)
   667 | D        | Entered arena 15.
   668 | D        | Noticed an acid blob
   669 | D        | Found the +4 skin of Zhor {Hibernate rC+++ SInv}
   669 | D        | Noticed an azure jelly
   669 | D        | Noticed a great orb of eyes
   669 | D        | Noticed a death ooze
   670 | D        | Found a transporter.
   672 | D        | Received a gift from Yredelemnul (a skeletal warrior)
   673 | D        | Killed an acid blob
   675 | D        | Killed an azure jelly
   677 | D        | Killed a great orb of eyes
   677 | D        | Received a gift from Yredelemnul (a vampire)
   679 | D        | Killed a death ooze
   679 | D        | Received a gift from Yredelemnul (a phantasmal warrior)
   680 | D        | Received a gift from Yredelemnul (a ghoul)
   680 | D        | Received a gift from Yredelemnul (a vampire knight)
   680 | D        | Received a gift from Yredelemnul (a phantasmal warrior)
   687 | D        | Entered arena 16.
   688 | D        | Noticed an acid blob
   688 | D        | Noticed a death ooze
   689 | D        | Noticed a death ooze
   690 | D        | Found a transporter.
   692 | D        | Killed a death ooze
   692 | D        | Killed an acid blob
   693 | D        | Received a gift from Yredelemnul (a vampire)
   693 | D        | Received a gift from Yredelemnul (a phantasmal warrior)
   697 | D        | Killed a death ooze
   697 | D        | Received a gift from Yredelemnul (a phantasmal warrior)
   697 | D        | Received a gift from Yredelemnul (a ghoul)
   697 | D        | Received a gift from Yredelemnul (a vampire knight)
   700 | D        | Received a gift from Yredelemnul (a vampire knight)
   715 | D        | Entered arena 17.
   716 | D        | Noticed a vampire knight
   717 | D        | Noticed a vampire mage
   717 | D        | Noticed a vampire knight
   718 | D        | Noticed a vampire knight
   720 | D        | Found the +3 pair of gauntlets of War {Slay+5}
   720 | D        | Found a transporter.
   721 | D        | Killed a vampire knight
   722 | D        | Killed a vampire mage
   722 | D        | Reached XP level 13. HP: 131/137 MP: 18/18
   724 | D        | Killed a vampire knight
   726 | D        | Received a gift from Yredelemnul (a ghoul)
   728 | D        | Received a gift from Yredelemnul (a phantasmal warrior)
   728 | D        | Received a gift from Yredelemnul (a skeletal warrior)
   731 | D        | Killed a vampire knight
   737 | D        | Got the amulet "Xosm" {Inacc Str+4}
   764 | D        | Entered arena 18.
   768 | D        | Noticed a nagaraja
   769 | D        | Identified the +1 hand crossbow "Ytat" {elec, rF- MR+
                  | Stlth+}
   769 | D        | Found a transporter.
   771 | D        | Reached skill level 1 in Unarmed Combat
   771 | D        | Received a gift from Yredelemnul (a ghoul)
   772 | D        | Received a gift from Yredelemnul (a flayed ghost)
   776 | D        | Killed a nagaraja
   776 | D        | Reached skill level 5 in Dodging
   777 | D        | Received a gift from Yredelemnul (a vampire knight)
   782 | D        | Received a gift from Yredelemnul (a flayed ghost)
   782 | D        | Received a gift from Yredelemnul (a ghoul)
   782 | D        | Received a gift from Yredelemnul (a skeletal warrior)
   788 | D        | Got the ring "Qoim" {rC+ MR+}
   790 | D        | Entered arena 19.
   793 | D        | Noticed a death ooze
   793 | D        | Noticed an azure jelly
   793 | D        | Noticed a death ooze
   793 | D        | Noticed an acid blob
   794 | D        | Noticed a death ooze
   794 | D        | Noticed an acid blob
   796 | D        | Found a transporter.
   798 | D        | Killed a death ooze
   798 | D        | Killed an azure jelly
   798 | D        | Reached skill level 5 in Unarmed Combat
   799 | D        | Received a gift from Yredelemnul (a skeletal warrior)
   799 | D        | Killed a death ooze
   802 | D        | Received a gift from Yredelemnul (a skeletal warrior)
   802 | D        | Killed a death ooze
   804 | D        | Killed an acid blob
   804 | D        | Killed an acid blob
   804 | D        | Reached skill level 10 in Dodging
   805 | D        | Received a gift from Yredelemnul (a vampire knight)
   935 | D        | Entered arena 20.
   940 | D        | Noticed a stone giant
   940 | D        | Noticed a stone giant
   940 | D        | Noticed a stone giant
   940 | D        | Noticed a stone giant
   942 | D        | Found a transporter.
   945 | D        | Received a gift from Yredelemnul (a vampire knight)
   947 | D        | Killed a stone giant
   948 | D        | Received a gift from Yredelemnul (a phantasmal warrior)
   951 | D        | Received a gift from Yredelemnul (a vampire)
   953 | D        | Received a gift from Yredelemnul (a ghoul)
   953 | D        | Killed a stone giant
   954 | D        | Reached XP level 14. HP: 134/149 MP: 19/19
   955 | D        | Received a gift from Yredelemnul (a ghoul)
   955 | D        | Killed a stone giant
   956 | D        | Killed a stone giant
   961 | D        | Got the amulet "Ybbaby" {Reflect rF++ Int+2 SH+4}
   972 | D        | Entered arena 21.
   976 | D        | Noticed a yellow draconian scorcher
   976 | D        | Noticed a white draconian shifter
   976 | D        | Noticed a black draconian knight
   977 | D        | Noticed a red draconian annihilator
   980 | D        | Killed a red draconian annihilator
   980 | D        | Received a gift from Yredelemnul (a skeletal warrior)
   980 | D        | Noticed a green draconian scorcher
   981 | D        | Identified the +8 battleaxe "Boeddi" {freeze, rC- Dex+6}
   982 | D        | Reached skill level 10 in Unarmed Combat
   986 | D        | Received a gift from Yredelemnul (a flayed ghost)
   989 | D        | Received a gift from Yredelemnul (a ghoul)
   989 | D        | Killed a white draconian shifter
   992 | D        | Found a transporter.
   993 | D        | Reached skill level 15 in Dodging
   993 | D        | Received a gift from Yredelemnul (a phantasmal warrior)
   993 | D        | Killed a green draconian scorcher
   994 | D        | Received a gift from Yredelemnul (a vampire knight)
   998 | D        | Killed a yellow draconian scorcher
   999 | D        | Received a gift from Yredelemnul (a vampire knight)
   999 | D        | Received a gift from Yredelemnul (a skeletal warrior)
   999 | D        | Killed a black draconian knight
  1003 | D        | Received a gift from Yredelemnul (a phantasmal warrior)
  1003 | D        | Received a gift from Yredelemnul (a ghoul)
  1006 | D        | Received a gift from Yredelemnul (a vampire knight)
  1163 | D        | Entered arena 22.
  1163 | D        | Noticed a vampire knight
  1163 | D        | Identified the ring of Kuowegys {*Contam +Fly rElec rN+
                  | Slay+2}
  1163 | D        | Noticed a vampire knight
  1163 | D        | Killed a vampire knight
  1165 | D        | Identified the cursed +1 falchion of Cimed {venom, Dex+3}
  1166 | D        | Noticed a ghoul
  1167 | D        | Noticed an ancient lich
  1167 | D        | Received a gift from Yredelemnul (a vampire knight)
  1167 | D        | Noticed a vampire knight
  1168 | D        | Killed a vampire knight
  1169 | D        | Received a gift from Yredelemnul (a vampire knight)
  1169 | D        | Received a gift from Yredelemnul (a skeletal warrior)
  1169 | D        | Identified the ring "Ruacweet" {rF+ MR+ Str+2 Dex-4 Slay+2}
  1170 | D        | Noticed a ghoul
  1174 | D        | Received a gift from Yredelemnul (a ghoul)
  1174 | D        | Killed a ghoul
  1177 | D        | Received a gift from Yredelemnul (a vampire knight)
  1177 | D        | Received a gift from Yredelemnul (a vampire knight)
  1177 | D        | Received a gift from Yredelemnul (a vampire)
  1177 | D        | Received a gift from Yredelemnul (a flayed ghost)
  1183 | D        | Killed an ancient lich
  1183 | D        | Reached XP level 15. HP: 146/162 MP: 20/20
  1183 | D        | Received a gift from Yredelemnul (a vampire)
  1184 | D        | Found a transporter.
  1185 | D        | Received a gift from Yredelemnul (a flayed ghost)
  1185 | D        | Received a gift from Yredelemnul (a phantasmal warrior)
  1198 | D        | Entered arena 23.
  1204 | D        | Noticed a glowing shapeshifter
  1204 | D        | Noticed a juggernaut
  1204 | D        | Noticed a shard shrike
  1204 | D        | a glowing shapeshifter changed into a yaktaur
  1204 | D        | Noticed a glowing shapeshifter
  1205 | D        | Noticed a titan
  1205 | D        | Noticed a shadow dragon
  1205 | D        | Noticed a titan
  1205 | D        | Noticed a shard shrike
  1205 | D        | a titan changed into a shard shrike
  1205 | D        | a glowing shapeshifter changed into a dream sheep
  1205 | D        | Noticed a caustic shrike
  1205 | D        | a shadow dragon changed into a caustic shrike
  1205 | D        | Noticed a titan
  1205 | D        | a shard shrike changed into a titan
  1205 | D        | Noticed a shard shrike
  1205 | D        | Noticed a titan
  1206 | D        | Noticed a juggernaut
  1206 | D        | Noticed a frost giant
  1206 | D        | Noticed a sphinx
  1206 | D        | a frost giant changed into a sphinx
  1206 | D        | Noticed a titan
  1206 | D        | a juggernaut changed into a titan
  1206 | D        | Noticed a shard shrike
  1207 | D        | Found the macabre finger necklace {rN+}
  1207 | D        | Found a transporter.
  1207 | D        | Noticed a titan
  1207 | D        | a shard shrike changed into a titan
  1207 | D        | Noticed a shard shrike
  1207 | D        | a juggernaut changed into a shard shrike
  1207 | D        | Noticed a quicksilver dragon
  1207 | D        | a sphinx changed into a quicksilver dragon
  1207 | D        | Noticed a shadow dragon
  1207 | D        | a caustic shrike changed into a shadow dragon
  1207 | D        | Noticed a caustic shrike
  1207 | D        | a titan changed into a caustic shrike
  1207 | D        | Noticed a juggernaut
  1207 | D        | a titan changed into a juggernaut
  1208 | D        | Noticed a sphinx
  1208 | D        | a quicksilver dragon changed into a sphinx
  1208 | D        | Noticed a juggernaut
  1208 | D        | a shard shrike changed into a juggernaut
  1208 | D        | Noticed an iron dragon
  1208 | D        | a caustic shrike changed into an iron dragon
  1209 | D        | Received a gift from Yredelemnul (a ghoul)
  1209 | D        | Received a gift from Yredelemnul (a skeletal warrior)
  1209 | D        | Received a gift from Yredelemnul (a skeletal warrior)
  1209 | D        | Noticed a juggernaut
  1209 | D        | a titan changed into a juggernaut
  1209 | D        | Noticed a fire giant
  1209 | D        | a sphinx changed into a fire giant
  1209 | D        | Noticed a shard shrike
  1209 | D        | a juggernaut changed into a shard shrike
  1209 | D        | Noticed a shard shrike
  1209 | D        | a titan changed into a shard shrike
  1210 | D        | Killed a shard shrike
  1210 | D        | Noticed a shard shrike
  1210 | D        | a titan changed into a shard shrike
  1210 | D        | Noticed an iron dragon
  1210 | D        | a shard shrike changed into an iron dragon
  1210 | D        | Noticed a juggernaut
  1210 | D        | a shard shrike changed into a juggernaut
  1210 | D        | Noticed a titan
  1210 | D        | a juggernaut changed into a titan
  1211 | D        | Noticed a titan
  1211 | D        | a juggernaut changed into a titan
  1211 | D        | Noticed a juggernaut
  1211 | D        | a titan changed into a juggernaut
  1212 | D        | a fire giant changed into an iron troll
  1212 | D        | Noticed an iron dragon
  1212 | D        | a shadow dragon changed into an iron dragon
  1213 | D        | Noticed a quicksilver dragon
  1213 | D        | an iron dragon changed into a quicksilver dragon
  1213 | D        | Noticed an iron dragon
  1213 | D        | a juggernaut changed into an iron dragon
  1214 | D        | Noticed a frost giant
  1214 | D        | a quicksilver dragon changed into a frost giant
  1214 | D        | Killed an iron dragon
  1214 | D        | Killed a juggernaut
  1215 | D        | Received a gift from Yredelemnul (a vampire knight)
  1215 | D        | Received a gift from Yredelemnul (a ghoul)
  1215 | D        | Noticed a juggernaut
  1215 | D        | a shard shrike changed into a juggernaut
  1215 | D        | Noticed a shadow dragon
  1215 | D        | an iron dragon changed into a shadow dragon
  1215 | D        | a shadow dragon changed into an alligator snapping turtle
  1215 | D        | a frost giant changed into a minotaur
  1216 | D        | Noticed a shadow dragon
  1216 | D        | an iron troll changed into a shadow dragon
  1217 | D        | Noticed a titan
  1217 | D        | a juggernaut changed into a titan
  1217 | D        | Noticed a juggernaut
  1217 | D        | a titan changed into a juggernaut
  1218 | D        | Noticed an iron dragon
  1218 | D        | a shadow dragon changed into an iron dragon
  1218 | D        | Noticed a golden dragon
  1218 | D        | an iron dragon changed into a golden dragon
  1220 | D        | Noticed a titan
  1220 | D        | a shard shrike changed into a titan
  1220 | D        | Noticed an acid blob
  1220 | D        | a juggernaut changed into an acid blob
  1220 | D        | Killed a titan
  1221 | D        | Received a gift from Yredelemnul (a ghoul)
  1222 | D        | Noticed an iron giant
  1222 | D        | an acid blob changed into an iron giant
  1222 | D        | Noticed a shadow dragon
  1222 | D        | an iron dragon changed into a shadow dragon
  1223 | D        | Received a gift from Yredelemnul (a vampire)
  1224 | D        | Killed a titan
  1224 | D        | Reached skill level 15 in Unarmed Combat
  1224 | D        | Killed an iron giant
  1225 | D        | Received a gift from Yredelemnul (a flayed ghost)
  1225 | D        | a shadow dragon changed into a stone giant
  1225 | D        | Noticed an iron giant
  1225 | D        | a golden dragon changed into an iron giant
  1226 | D        | Noticed a ghost moth
  1226 | D        | a fire dragon changed into a ghost moth
  1226 | D        | Noticed an iron dragon
  1226 | D        | an iron giant changed into an iron dragon
  1227 | D        | Noticed a frost giant
  1227 | D        | an iron dragon changed into a frost giant
  1229 | D        | a frost giant changed into an alligator snapping turtle
  1230 | D        | a ghost moth changed into a death yak
  1232 | D        | Received a gift from Yredelemnul (a phantasmal warrior)
  1233 | D        | Received a gift from Yredelemnul (a vampire knight)
  1286 | D        | Entered arena 24.
  1293 | D        | Noticed a ghost moth
  1293 | D        | Noticed a ghost moth
  1293 | D        | Noticed a ghost moth
  1293 | D        | Noticed a ghost moth
  1293 | D        | Noticed a ghost moth
  1294 | D        | Found the +8 demon trident "Rift" {distort, reach+}
  1294 | D        | Noticed a ghost moth
  1294 | D        | Noticed a ghost moth
  1296 | D        | Received a gift from Yredelemnul (a phantasmal warrior)
  1298 | D        | Received a gift from Yredelemnul (a flayed ghost)
  1301 | D        | Received a gift from Yredelemnul (a skeletal warrior)
  1303 | D        | Received a gift from Yredelemnul (a skeletal warrior)
  1305 | D        | Received a gift from Yredelemnul (a ghoul)
  1305 | D        | Killed a ghost moth
  1305 | D        | Received a gift from Yredelemnul (a flayed ghost)
  1305 | D        | Received a gift from Yredelemnul (a vampire knight)
  1306 | D        | Killed a ghost moth
  1306 | D        | Killed a ghost moth
  1307 | D        | Received a gift from Yredelemnul (a phantasmal warrior)
  1308 | D        | Killed a ghost moth
  1311 | D        | Killed a ghost moth
  1311 | D        | Received a gift from Yredelemnul (a flayed ghost)
  1311 | D        | Killed a ghost moth
  1312 | D        | Killed a ghost moth
  1313 | D        | Received a gift from Yredelemnul (a ghoul)
  1315 | D        | Received a gift from Yredelemnul (a skeletal warrior)
  1315 | D        | Found a transporter.
  1362 | D        | Entered arena 25.
  1369 | D        | Noticed a tentacled starspawn
  1369 | D        | Noticed a bone dragon
  1369 | D        | Noticed a lich
  1370 | D        | Noticed a tentacled starspawn
  1370 | D        | Noticed a tentacled starspawn
  1371 | D        | Found the +8 frozen axe "Frostbite" {freezing cloud, *Noise
                  | +Fly rC+}
  1376 | D        | Received a gift from Yredelemnul (a flayed ghost)
  1378 | D        | Received a gift from Yredelemnul (a skeletal warrior)
  1381 | D        | Killed a bone dragon
  1381 | D        | Reached XP level 16. HP: 119/177 MP: 9/14
  1382 | D        | Received a gift from Yredelemnul (a vampire)
  1382 | D        | Found a transporter.
  1383 | D        | Received a gift from Yredelemnul (a vampire)
  1384 | D        | Received a gift from Yredelemnul (a flayed ghost)
  1384 | D        | Received a gift from Yredelemnul (a flayed ghost)
  1385 | D        | Received a gift from Yredelemnul (a ghoul)
  1385 | D        | Killed a tentacled starspawn
  1386 | D        | Paralysed by accursed screaming for 1 turns
  1387 | D        | Received a gift from Yredelemnul (a vampire)
  1387 | D        | Killed a tentacled starspawn
  1387 | D        | Killed a lich
  1388 | D        | Killed a tentacled starspawn
  1389 | D        | Received a gift from Yredelemnul (a vampire)
  1389 | D        | Received a gift from Yredelemnul (a skeletal warrior)
  1389 | D        | Received a gift from Yredelemnul (a skeletal warrior)
  1393 | D        | Received a gift from Yredelemnul (a phantasmal warrior)
  1394 | D        | Received a gift from Yredelemnul (a skeletal warrior)
  1395 | D        | Received a gift from Yredelemnul (a flayed ghost)
  1395 | D        | Received a gift from Yredelemnul (a vampire knight)
  1395 | D        | Received a gift from Yredelemnul (a vampire knight)
  1397 | D        | Received a gift from Yredelemnul (a phantasmal warrior)
  1398 | D        | Received a gift from Yredelemnul (a skeletal warrior)
  1403 | D        | Received a gift from Yredelemnul (a skeletal warrior)
  1423 | D        | Got the ring "Icwur" {rPois rF+ Str+3 Int+3 SInv}
  1670 | D        | Entered arena 26.
  1680 | D        | Noticed a shard shrike
  1680 | D        | Noticed a shard shrike
  1680 | D        | a glowing shapeshifter changed into a shard shrike
  1680 | D        | Noticed a shard shrike
  1680 | D        | a glowing shapeshifter changed into a shard shrike
  1680 | D        | Noticed a titan
  1681 | D        | Found the +2 robe of Vines {NoPotionHeal Regen+7}
  1681 | D        | Noticed a golden dragon
  1681 | D        | Noticed a shard shrike
  1681 | D        | Identified the +5 plate armour of Plasticity {rF+ Str+4}
  1681 | D        | Noticed a juggernaut
  1681 | D        | Noticed an iron giant
  1681 | D        | a golden dragon changed into an iron giant
  1681 | D        | a juggernaut changed into an iron dragon
  1681 | D        | Noticed a titan
  1682 | D        | Noticed a titan
  1682 | D        | a shard shrike changed into a titan
  1682 | D        | Paralysed by a floating eye for 4 turns
  1683 | D        | Noticed a shard shrike
  1683 | D        | a titan changed into a shard shrike
  1683 | D        | Noticed a juggernaut
  1683 | D        | a shard shrike changed into a juggernaut
  1683 | D        | Noticed a juggernaut
  1683 | D        | a titan changed into a juggernaut
  1683 | D        | Noticed a shard shrike
  1686 | D        | Noticed a juggernaut
  1686 | D        | a shard shrike changed into a juggernaut
  1687 | D        | Received a gift from Yredelemnul (a phantasmal warrior)
  1687 | D        | Noticed a titan
  1687 | D        | a juggernaut changed into a titan
  1687 | D        | Noticed a titan
  1687 | D        | a shard shrike changed into a titan
  1688 | D        | Killed a shard shrike
  1688 | D        | Noticed a juggernaut
  1688 | D        | a titan changed into a juggernaut
  1688 | D        | an iron giant changed into an iron dragon
  1688 | D        | Noticed an iron giant
  1689 | D        | Noticed a caustic shrike
  1689 | D        | a juggernaut changed into a caustic shrike
  1689 | D        | Noticed a golden dragon
  1689 | D        | a juggernaut changed into a golden dragon
  1689 | D        | Killed a titan
  1689 | D        | Killed a shard shrike
  1690 | D        | Received a gift from Yredelemnul (a flayed ghost)
  1690 | D        | Received a gift from Yredelemnul (a ghoul)
  1690 | D        | Noticed an acid blob
  1690 | D        | an iron giant changed into an acid blob
  1691 | D        | Killed a titan
  1692 | D        | Noticed a shadow dragon
  1692 | D        | an alligator snapping turtle changed into a shadow dragon
  1693 | D        | Noticed a caustic shrike
  1693 | D        | an iron dragon changed into a caustic shrike
  1693 | D        | a golden dragon changed into an iron dragon
  1695 | D        | Noticed an acid blob
  1695 | D        | a caustic shrike changed into an acid blob
  1695 | D        | Noticed a sphinx
  1695 | D        | a fire giant changed into a sphinx
  1696 | D        | Noticed an iron giant
  1696 | D        | an iron dragon changed into an iron giant
  1696 | D        | Noticed a shard shrike
  1696 | D        | a juggernaut changed into a shard shrike
  1697 | D        | Killed a shard shrike
  1697 | D        | Paralysed by a floating eye for 4 turns
  1698 | D        | an acid blob changed into an iron dragon
  1698 | D        | a shadow dragon changed into an iron dragon
  1699 | D        | Received a gift from Yredelemnul (a flayed ghost)
  1699 | D        | Noticed a shadow dragon
  1699 | D        | an acid blob changed into a shadow dragon
  1699 | D        | Noticed an iron giant
  1699 | D        | a caustic shrike changed into an iron giant
  1699 | D        | Noticed a caustic shrike
  1699 | D        | an iron giant changed into a caustic shrike
  1699 | D        | a sphinx changed into a frost giant
  1700 | D        | Killed a caustic shrike
  1701 | D        | Received a gift from Yredelemnul (a skeletal warrior)
  1702 | D        | Noticed a caustic shrike
  1702 | D        | a shadow dragon changed into a caustic shrike
  1703 | D        | Received a gift from Yredelemnul (a ghoul)
  1704 | D        | Noticed a golden dragon
  1704 | D        | a caustic shrike changed into a golden dragon
  1706 | D        | Received a gift from Yredelemnul (a flayed ghost)
  1706 | D        | Received a gift from Yredelemnul (a vampire knight)
  1706 | D        | Received a gift from Yredelemnul (a ghoul)
  1706 | D        | a golden dragon changed into an iron dragon
  1707 | D        | Killed an iron giant
  1707 | D        | Found a transporter.
  1708 | D        | Noticed a caustic shrike
  1708 | D        | an iron dragon changed into a caustic shrike
  1710 | D        | Received a gift from Yredelemnul (a phantasmal warrior)
  1710 | D        | Received a gift from Yredelemnul (a phantasmal warrior)
  1711 | D        | Killed a caustic shrike
  1711 | D        | Received a gift from Yredelemnul (a skeletal warrior)
  1713 | D        | Received a gift from Yredelemnul (a flayed ghost)
  1714 | D        | Received a gift from Yredelemnul (a vampire)
  1716 | D        | Received a gift from Yredelemnul (a phantasmal warrior)
  1826 | D        | Entered arena 27.
  1842 | D        | Noticed a titan
  1842 | D        | Noticed a golden dragon
  1842 | D        | a titan changed into a golden dragon
  1843 | D        | Noticed a titan
  1843 | D        | a glowing shapeshifter changed into a titan
  1843 | D        | Paralysed by a floating eye for 3 turns
  1844 | D        | Noticed an iron giant
  1844 | D        | a golden dragon changed into an iron giant
  1844 | D        | Noticed a shard shrike
  1844 | D        | a titan changed into a shard shrike
  1844 | D        | Noticed a shard shrike
  1846 | D        | Noticed a juggernaut
  1847 | D        | Noticed a titan
  1847 | D        | Noticed a titan
  1848 | D        | Noticed a juggernaut
  1848 | D        | Noticed a juggernaut
  1848 | D        | a titan changed into a juggernaut
  1848 | D        | Noticed a caustic shrike
  1848 | D        | a juggernaut changed into a caustic shrike
  1848 | D        | Noticed a titan
  1848 | D        | a shard shrike changed into a titan
  1848 | D        | Noticed a titan
  1848 | D        | a juggernaut changed into a titan
  1848 | D        | Noticed a caustic shrike
  1848 | D        | an iron giant changed into a caustic shrike
  1849 | D        | Received a gift from Yredelemnul (a flayed ghost)
  1849 | D        | Killed a titan
  1849 | D        | Received a gift from Yredelemnul (a flayed ghost)
  1849 | D        | Noticed a titan
  1849 | D        | a juggernaut changed into a titan
  1849 | D        | a caustic shrike changed into an iron dragon
  1850 | D        | Noticed a shadow dragon
  1850 | D        | a titan changed into a shadow dragon
  1850 | D        | Noticed an acid blob
  1850 | D        | a caustic shrike changed into an acid blob
  1850 | D        | Noticed a juggernaut
  1850 | D        | a titan changed into a juggernaut
  1850 | D        | Noticed an acid blob
  1850 | D        | an iron dragon changed into an acid blob
  1851 | D        | a shadow dragon changed into an alligator snapping turtle
  1851 | D        | Noticed a titan
  1851 | D        | a juggernaut changed into a titan
  1851 | D        | Noticed a juggernaut
  1851 | D        | a shard shrike changed into a juggernaut
  1852 | D        | Received a gift from Yredelemnul (a ghoul)
  1853 | D        | Received a gift from Yredelemnul (a vampire knight)
  1853 | D        | Received a gift from Yredelemnul (a vampire)
  1853 | D        | Noticed a shadow dragon
  1853 | D        | an alligator snapping turtle changed into a shadow dragon
  1855 | D        | Received a gift from Yredelemnul (a vampire)
  1855 | D        | Noticed a juggernaut
  1855 | D        | a titan changed into a juggernaut
  1855 | D        | Noticed a caustic shrike
  1855 | D        | an acid blob changed into a caustic shrike
  1855 | D        | a juggernaut changed into an iron dragon
  1855 | D        | Noticed an acid blob
  1856 | D        | Received a gift from Yredelemnul (a vampire)
  1856 | D        | Noticed a sphinx
  1856 | D        | a shadow dragon changed into a sphinx
  1856 | D        | Noticed a caustic shrike
  1856 | D        | an acid blob changed into a caustic shrike
  1856 | D        | Noticed a shard shrike
  1856 | D        | a titan changed into a shard shrike
  1856 | D        | Noticed an acid blob
  1856 | D        | a shard shrike changed into an acid blob
  1856 | D        | Noticed a golden dragon
  1856 | D        | a caustic shrike changed into a golden dragon
  1857 | D        | Killed a caustic shrike
  1857 | D        | Reached XP level 17. HP: 165/190 MP: 22/22
  1858 | D        | Received a gift from Yredelemnul (a flayed ghost)
  1858 | D        | Noticed an iron giant
  1858 | D        | an acid blob changed into an iron giant
  1859 | D        | Noticed a caustic shrike
  1859 | D        | a golden dragon changed into a caustic shrike
  1860 | D        | an acid blob changed into a shadow dragon
  1860 | D        | a juggernaut changed into an iron dragon
  1861 | D        | Received a gift from Yredelemnul (a ghoul)
  1863 | D        | Killed an iron giant
  1863 | D        | a caustic shrike changed into a frost giant
  1863 | D        | Noticed a caustic shrike
  1863 | D        | an iron dragon changed into a caustic shrike
  1864 | D        | Paralysed by a floating eye for 2 turns
  1865 | D        | Received a gift from Yredelemnul (a bone dragon)
  1865 | D        | Received a gift from Yredelemnul (a ghoul)
  1865 | D        | a caustic shrike changed into a shadow dragon
  1868 | D        | Noticed a golden dragon
  1868 | D        | a shadow dragon changed into a golden dragon
  1869 | D        | Reached skill level 27 in Fighting
  1869 | D        | Reached skill level 27 in Armour
  1869 | D        | Received a gift from Yredelemnul (a flayed ghost)
  1869 | D        | Noticed a caustic shrike
  1869 | D        | a golden dragon changed into a caustic shrike
  1871 | D        | Killed a caustic shrike
  1873 | D        | Noticed an acid blob
  1873 | D        | an iron dragon changed into an acid blob
  1873 | D        | Paralysed by a floating eye for 4 turns
  1874 | D        | Noticed an acid blob
  1874 | D        | a shadow dragon changed into an acid blob
  1874 | D        | Killed an acid blob
  1875 | D        | Received a gift from Yredelemnul (a ghoul)
  1877 | D        | Received a gift from Yredelemnul (a vampire)
  1878 | D        | Killed an acid blob
  1879 | D        | Found a transporter.
  1880 | D        | Received a gift from Yredelemnul (a ghoul)
  1880 | D        | Received a gift from Yredelemnul (a flayed ghost)
  1949 | D        | Entered arena 28.
  1960 | D        | Noticed an Orb Guardian
  1962 | D        | Noticed a tentacled monstrosity
  1962 | D        | Noticed an Orb Guardian
  1962 | D        | Noticed an Orb Guardian
  1962 | D        | Noticed an Orb Guardian
  1962 | D        | Noticed an Orb Guardian
  1962 | D        | Noticed a golden dragon
  1963 | D        | Found the -2 hat of the Alchemist {rElec rPois rF+ rC+ rN+
                  | MR+ rMut rCorr}
  1963 | D        | Found the +9 staff of Wucad Mu {channel}
  1963 | D        | Noticed an Orb Guardian
  1963 | D        | Identified the ring of the Omega Point {+Blink rC+ Dex+3
                  | Stlth-}
  1963 | D        | Noticed an Orb Guardian
  1963 | D        | Noticed an Orb Guardian
  1963 | D        | Noticed an Orb Guardian
  1963 | D        | Identified the ring of Starshine {-Tele rN+ Int+7 Dex-4
                  | Stlth+}
  1963 | D        | Noticed an Orb Guardian
  1963 | D        | Noticed an Orb Guardian
  1963 | D        | Noticed a tentacled monstrosity
  1963 | D        | Noticed a tentacled monstrosity
  1963 | D        | Noticed an Orb Guardian
  1964 | D        | Found the +0 Maxwell's etheric cage {RegenMP+ *Contam rElec
                  | MP+4}
  1964 | D        | Killed an Orb Guardian
  1964 | D        | Noticed an Orb Guardian
  1964 | D        | Noticed an Orb Guardian
  1964 | D        | Noticed an Orb Guardian
  1966 | D        | Noticed a tentacled monstrosity
  1966 | D        | Noticed an Orb Guardian
  1966 | D        | Identified the amulet "Muhit" {Gourm rC+ MR++ Dex+2}
  1966 | D        | Noticed an Orb Guardian
  1969 | D        | Killed an Orb Guardian
  1969 | D        | Noticed an Orb Guardian
  1970 | D        | Killed an Orb Guardian
  1970 | D        | Received a gift from Yredelemnul (a vampire)
  1970 | D        | Noticed a tentacled monstrosity
  1972 | D        | Killed a tentacled monstrosity
  1973 | D        | Killed an Orb Guardian
  1974 | D        | Killed an Orb Guardian
  1975 | D        | Killed an Orb Guardian
  1975 | D        | Received a gift from Yredelemnul (a bone dragon)
  1975 | D        | Received a gift from Yredelemnul (a skeletal warrior)
  1977 | D        | Killed an Orb Guardian
  1981 | D        | Killed an Orb Guardian
  1982 | D        | Killed an Orb Guardian
  1983 | D        | Killed a golden dragon
  1984 | D        | Killed an Orb Guardian
  1984 | D        | Received a gift from Yredelemnul (a ghoul)
  1985 | D        | Killed an Orb Guardian
  1987 | D        | Killed an Orb Guardian
  1988 | D        | Received a gift from Yredelemnul (a vampire knight)
  1988 | D        | Received a gift from Yredelemnul (a skeletal warrior)
  1990 | D        | Killed a tentacled monstrosity
  1992 | D        | Killed a tentacled monstrosity
  1993 | D        | Killed an Orb Guardian
  1994 | D        | Received a gift from Yredelemnul (a flayed ghost)
  1997 | D        | Killed a tentacled monstrosity
  1997 | D        | Received a gift from Yredelemnul (a skeletal warrior)
  1999 | D        | Killed a tentacled monstrosity
  1999 | D        | Reached skill level 10 in Invocations
  2005 | D        | Killed an Orb Guardian
  2005 | D        | Enslaved an Orb Guardian
  2006 | D        | Killed an Orb Guardian
  2006 | D        | Enslaved an Orb Guardian
  2006 | D        | Killed an Orb Guardian
  2006 | D        | Received a gift from Yredelemnul (a vampire knight)
  2006 | D        | Received a gift from Yredelemnul (a skeletal warrior)
  2007 | D        | Reached skill level 27 in Dodging
  2007 | D        | Reached XP level 18. HP: 158/200 MP: 2/25
  2008 | D        | Received a gift from Yredelemnul (a phantasmal warrior)
  2010 | D        | Killed an Orb Guardian
  2015 | D        | Received a gift from Yredelemnul (a flayed ghost)
  2015 | D        | Received a gift from Yredelemnul (a flayed ghost)
  2015 | D        | Killed an Orb Guardian
  2019 | D        | Received a gift from Yredelemnul (a vampire)
  2022 | D        | Received a gift from Yredelemnul (a vampire)
  2026 | D        | Received a gift from Yredelemnul (a ghoul)
  2030 | D        | Received a gift from Yredelemnul (a profane servitor)
  2031 | D        | Reached skill level 15 in Invocations
  2031 | D        | Received a gift from Yredelemnul (a ghoul)
  2031 | D        | Received a gift from Yredelemnul (a phantasmal warrior)
  2033 | D        | Reached skill level 27 in Shields
  2037 | D        | Received a gift from Yredelemnul (a vampire knight)
  2037 | D        | Received a gift from Yredelemnul (a vampire)
  2040 | D        | Found a transporter.
  2042 | D        | Found the +5 robe of Misfortune {*Contam Harm *Corrode
                  | *Drain *Slow EV+5}
  2047 | D        | Found the +5 pair of quick blades "Gyre" and "Gimble"
                  | {pierce, Dex-3}
  2071 | D        | Got the Orb of Zot
  2076 | D        | Escaped with the Orb!

Skill      XL: |  1  2  3  4  5  6  7  8  9 10 11 12 13 14 15 16 17 18 |
---------------+-------------------------------------------------------+-----
Fighting       | 4 5 9 10 11 12 13 14 17 19 20 22 24 26 27 | 27.0
Axes           | 4 5 8 9 11 13 14 16 18 19 22 25 26 | 26.9
Throwing       | 2 |  2.4
Armour         | 4 5 9 10 11 12 13 14 17 19 20 22 24 26 27 | 27.0
Dodging        | 2 12 18 22 24 27 | 27.0
Shields        | 6 9 10 12 13 15 17 19 22 25 27 | 27.0
Invocations    | 3 8 10 16 | 16.0
Unarmed Combat | 8 13 17 19 23 24 | 24.5

Action                   |  1- 3 |  4- 6 |  7- 9 | 10-12 | 13-15 | 16-18 || total
-------------------------+-------+-------+-------+-------+-------+-------++-------
Melee: Broad axe         |    12 |     1 |    19 |    62 |   126 |   112 ||   332
       Headbutt          |     1 |       |     8 |    15 |    38 |    39 ||   101
Invok: Animate Dead      |       |       |     3 |     7 |    11 |    10 ||    31
       Recall Undead Sla |       |       |       |     1 |       |       ||     1
       Enslave Soul      |       |       |       |       |       |     2 ||     2
  Use: Potion            |     4 |       |       |     1 |     4 |    12 ||    21
 Stab: Distracted        |       |       |       |     4 |    11 |     9 ||    24
       Paralysed         |       |       |       |     1 |       |     1 ||     2
       Invisible         |       |       |       |       |       |     3 ||     3
  Eat: Ration            |       |       |     1 |       |     2 |     2 ||     5
Armor: Plate armour      |     9 |       |       |       |       |       ||     9
       Crystal plate arm |       |       |     2 |    25 |    87 |    66 ||   180
Dodge: Dodged            |     2 |       |       |     3 |    43 |    68 ||   116
Block: Shield            |    20 |     2 |    27 |    90 |   250 |   186 ||   575
       Reflection        |       |       |       |       |     2 |     1 ||     3
